 Dungeon Crawl Stone Soup version 0.31-a0-692-gf03d1854d5 (webtiles) character file.

Game seed: 14603215599109701864

48 qw the Shooter (level 3, -5/22 HPs)
             Began as a Gargoyle Hunter on Sept 6, 2023.
             Killed from afar by Sigmund (6 damage)
             ... with a magic dart
             ... on level 2 of the Dungeon.
             The game lasted 00:00:24 (1190 turns).

qw the Shooter (Gargoyle Hunter)                    Turns: 1190, Time: 00:00:24

Health: -5/22      AC:  8    Str: 14    XL:     3   Next: 72%
Magic:  3/3        EV: 10    Int:  9    God:
Gold:   133        SH:  0    Dex: 15    Spells: 2/2 levels left

rFire   . . .        h - +0 shortbow (heavy)
rCold   . . .        (shield currently unavailable)
rNeg    + . .        f - +0 ring mail
rPois   inf          (no helmet)
rElec   +            (no cloak)
rCorr   .            (no gloves)
SInv    .            (no boots)
Will    .....        (no amulet) Stlth
                     (no ring)
HPRegen 0.23/turn    (no ring)
MPRegen 0.08/turn

%: no passive effects
@: confused
A: sickness immunity, AC +3, negative energy resistance 1, electricity
resistance, torment resistance 1, petrification resistance
a: no special abilities


You were on level 2 of the Dungeon.
You visited 1 branch of the dungeon, and saw 2 of its levels.

You collected 133 gold pieces.


Innate Abilities, Weirdness & Mutations

You are immune to sickness and miasma.
Your stone body is resilient. (AC +3)
You are immune to poison.
You resist negative energy. (rN+)
You are resistant to electric shocks. (rElec)
You are resistant to unholy torment.
You are immune to petrification.


   Skills:
 + Level 2.5 Fighting
 - Level 5.0 Ranged Weapons
 - Level 1.0 Armour
 - Level 1.5 Dodging
 - Level 1.1 Stealth


You had 2 spell levels left.
You didn't know any spells.
Your spell library was empty.

Inventory:

Hand Weapons
 h - a +0 heavy shortbow (weapon)
Armour
 f - a +0 ring mail (worn)
Scrolls
 a - 3 scrolls of identify
 b - a scroll of teleportation {unknown}
 d - a scroll of vulnerability {unknown}
Potions
 c - a potion of might {unknown}

Dungeon Overview and Level Annotations

Branches:
Dungeon (2/15)

Altars:

Shops:
D:2 (

Annotations:
D:2 Sigmund


Message History

The adder bites you. The adder closely misses you.
You shoot an arrow. The arrow barely misses the adder.
The adder bites you but does no damage. x2
You shoot an arrow. The arrow hits the adder!
You kill the adder!
You start resting.
HP restored.
You see here an adder corpse.
Sigmund the Dreaded comes into view.
He is wielding a +0 scythe.
Found a stone staircase leading down.
You shoot an arrow. The arrow hits Sigmund!
Sigmund is moderately wounded.
Sigmund casts a spell at you. The puff of flame hits you.
You shoot an arrow. The arrow hits Sigmund!
Sigmund is severely wounded.
Sigmund barely misses you.
Sigmund hits you from afar with a +0 scythe.
You shoot an arrow. The arrow closely misses Sigmund.
Sigmund closely misses you.
You shoot an arrow. The arrow hits Sigmund.
Sigmund is almost dead.
Sigmund casts a spell.
Sigmund flickers and vanishes!
Deactivating autopickup; reactivate with Ctrl-A.
You shoot an arrow.
A magic dart appears from out of thin air!
The magic dart hits you. Something hits you but does no damage.
You shoot an arrow. Something hits you!
You shoot an arrow.
You hear some strange, mumbled words.
You are confused.
Something hits you.
You shoot an arrow. Something hits you.
You shoot an arrow.
A magic dart appears from out of thin air!
The magic dart hits you.
You die...

### #.# ... #.# ###
.# #.# ...# ####.#
...# ##....###
####... # #.......#
.......
#.#.#.#....### ...#.#
>.....#....# #.##.#
#..{.@##.#
.....##############%#
..#.................#
.##.####..#.##.######
.##.# #..#..#.# ###.#
#..##.#.#
..).####..##.#.#
###........#.#.#
....########.#.#


There were no monsters in sight!

Vanquished Creatures
  2 adders (D:2)
  2 dart slugs (D:1)
  2 bats (D:1)
  2 endoplasms (D:1)
  A giant cockroach (D:1)
  2 jackals (D:1)
  5 kobolds (D:1)
  3 quokkas (D:1)
  A ball python (D:1)
  2 frilled lizards (D:1)
  A goblin (D:1)
  2 rats (D:1)
25 creatures vanquished.

Notes
Turn   | Place    | Note
-------+----------+-------------------------------------------
     0 | D:1      | qw the Gargoyle Hunter began the quest for the Orb.
     0 | D:1      | Reached XP level 1. HP: 12/12 MP: 1/1
     0 | D:1      | 0 ||| qw: Version: 0.3-a-76-g4403597
     0 | D:1      | 0 ||| qw: Game counter: 176
     0 | D:1      | 0 ||| qw: Melee chars always use a shield: true
     0 | D:1      | 0 ||| qw: God list: Okawaru
     0 | D:1      | 0 ||| qw: Allow faded altars: false
     0 | D:1      | 0 ||| qw: Do Orc after clearing Dungeon:15 true
     0 | D:1      | 0 ||| qw: Do second Lair branch before Depths: true
     0 | D:1      | 0 ||| qw: Lair rune preference: random
     0 | D:1      | 0 ||| qw: Goals: Normal
     0 | D:1      | 0 ||| PLANNING D:1-11
    97 | D:1      | Reached XP level 2. HP: 13/17 MP: 2/2
   349 | D:1      | Found a faded altar of an unknown god.
   397 | D:1      | Reached XP level 3. HP: 21/21 MP: 3/3
   508 | D:1      | Reached skill level 5 in Ranged Weapons
   714 | D:1      | 714 ||| UPGRADING to +0 ring mail.
   724 | D:1      | 724 ||| DROPPING +0 leather armour.
   725 | D:1      | 725 ||| DROPPING amulet of magic regeneration.
   726 | D:1      | 726 ||| READING 2 scrolls labelled KERAQE LAEWU.
   727 | D:1      | 727 ||| READING scroll labelled INLUEP ALI.
   728 | D:1      | 728 ||| READING scroll labelled GOSHUH JUUMN.
   729 | D:1      | 729 ||| READING scroll labelled UPPOWN VASYRGH.
   730 | D:1      | 730 ||| DROPPING scroll of butterflies.
   780 | D:2      | Reached skill level 1 in Armour
  1002 | D:2      | Found Koah's Antique Weapon Shop.
  1181 | D:2      | Noticed Sigmund
  1189 | D:2      | HP: 1/22 [something (5)]
  1190 | D:2      | Killed from afar by Sigmund

Levels and vault maps discovered:
D:1:      evilmike_arrival_crescent, layout_loops_ring, basic_ecumenical_altar,
          minmay_misc_feat_chi, solitary_fountain
D:2:      layout_basic, serial_co_window_serial, co_window_paths_a,
          co_window_of_opportunity_a, co_window_cross_1,
          co_window_of_opportunity_a, co_window_paths_a, co_window_corner_a,
          co_window_paths_b, co_window_paths_a, co_window_of_opportunity_a,
          co_window_broadway_a, co_window_broadway_c, co_window_corner_b,
          co_window_broadway_b, glass_columns_a, glass_columns_a,
          glass_columns_a, serial_shops, nicolae_shop_trees,
          minmay_misc_feat_columns, uniq_sigmund

Skill      XL: |  1  2  3 |
---------------+----------+-----
Ranged Weapons | 5 |  5.0
Armour         | 1 |  1.0
Fighting       | |  2.5
Dodging        | |  1.5
Stealth        | |  1.1

Action                     || total
---------------------------++-------
   Fire: Shortbow          ||    90
    Use: Scroll            ||     4
 Armour: Leather armour    ||    22
         Ring mail         ||    18
  Dodge: Dodged            ||    28

Table legend:
 A = Non-vault XP
 B = Vault XP
 C = Vault XP percentage of total XP
 D = Non-vault monster count
 E = Vault monster count
 F = Vault count percentage of total count
                 A         B        C        D         E       F
            +---------+---------+-------+---------+---------+-------
      Total |      69 |       0 |   0.0 |      25 |       0 |   0.0
            +---------+---------+-------+---------+---------+-------
        D:1 |      42 |       0 |   0.0 |      23 |       0 |   0.0
        D:2 |      27 |       0 |   0.0 |       2 |       0 |   0.0
            +---------+---------+-------+---------+---------+-------
